 Dungeon Crawl Stone Soup version 0.27-b1-16-g6517624069 (webtiles) character file.

Game seed: 14387486066507844274

36 mhtbhm the Covered (level 3, 0/24 HPs)
             Began as a Gargoyle Fighter on July 27, 2021.
             Was a Plaything of Xom.
             Slain by Terence (4 damage)
             ... on level 2 of the Dungeon.
             The game lasted 00:01:32 (1166 turns).

mhtbhm the Covered (Gargoyle Fighter)               Turns: 1166, Time: 00:01:32

Health: 0/24       AC: 10    Str: 20    XL:     3   Next: 37%
Magic:  3/3        EV:  7    Int:  8    God:    Xom [..*...]
Gold:   24         SH:  9    Dex:  9    Spells: 2/2 levels left

rFire    . . .     SeeInvis .   a - +0 flail
rCold    . . .     Faith    .   c - +0 kite shield
rNeg     + . .     Spirit   .   b - +0 scale mail
rPois    ∞         Reflect  .   (no helmet)
rElec    +         Harm     .   (no cloak)
rCorr    .         Rampage  .   (no gloves)
Will     .....                  (no boots)
Stlth    ..........             (no amulet)
HPRegen  0.08/turn              (no ring)
MPRegen  0.08/turn              (no ring)

@: no status effects
A: sickness immunity, AC +3, negative energy resistance 1, electricity
resistance, torment resistance 1, petrification resistance
a: Renounce Religion


You were on level 2 of the Dungeon.
You worshipped Xom.
You were a toy of Xom.
You visited 1 branch of the dungeon, and saw 2 of its levels.

You collected 24 gold pieces.

Inventory:

Hand Weapons
 a - a +0 flail (weapon)
Armour
 b - a +0 scale mail (worn)
 c - a +0 kite shield (worn)
Scrolls
 e - a scroll of identify {unknown}
 g - a scroll of teleportation {unknown}
 h - a scroll of holy word {unknown}
Potions
 d - a potion of might
 f - a potion of lignification {unknown}


   Skills:
 + Level 3.6 Fighting
 + Level 2.7 Maces & Flails
 + Level 3.7 Armour
 + Level 0.1 Dodging
 + Level 3.5 Shields


You had 2 spell levels left.
You didn't know any spells.
Your spell library contained the following spells:

 Spells                   Type           Power      Damage    Failure   Level
 Gell's Gravitas          Tloc           0%         N/A       100%        3
 Lesser Beckoning         Tloc           0%         N/A       100%        3
 Teleport Other           Tloc           0%         N/A       100%        3


Dungeon Overview and Level Annotations

Branches:
Dungeon (2/15)

Altars:
Xom

Annotations:
D:2 Terence


Innate Abilities, Weirdness & Mutations

You are immune to sickness and miasma.
Your stone body is resilient. (AC +3)
You are immune to poison.
You resist negative energy. (rN+)
You are resistant to electric shocks. (rElec)
You are resistant to unholy torment.
You are immune to petrification.


Message History

You are too injured to fight recklessly!
You are too injured to fight recklessly!
You are too injured to fight recklessly!
You are too injured to fight recklessly!
You sock Terence!
Terence is heavily wounded.
Terence barely misses you.
You hit Terence.
Terence is severely wounded.
You block Terence's attack. x2
You barely miss Terence.
Terence is severely wounded.
Terence barely misses you.
You hit Terence but do no damage.
Terence is severely wounded.
Terence hits you but does no damage. Terence says, "How do you enjoy it?"
You block Terence's attack.
You hit Terence but do no damage.
Terence is severely wounded.
Terence barely misses you.
You hit Terence but do no damage.
Terence is severely wounded.
Terence hits you with a +0 mace.
* * * LOW HITPOINT WARNING * * *
You block Terence's attack.
You hit Terence but do no damage.
Terence is severely wounded.
Terence hits you with a +0 mace.
* * * LOW HITPOINT WARNING * * *
You hit Terence but do no damage.
Terence is severely wounded.
Terence completely misses you. Terence hits you but does no damage.
You hit Terence but do no damage.
Terence is severely wounded.
Terence barely misses you.
You hit Terence.
Terence is severely wounded.
Terence hits you with a +0 mace.
You die...

......... .........
....... ........#
#..........# ........#
#..........# ........#
..........# ........#
.... ....#
.......@#####.# #.#.###
##..@......####......
.>...................###
#.#######...............
#.###.###....###
...###.####...#
#..............#
#.#......###...###
..................
.#.#............###


You could see Terence.

Vanquished Creatures
  2 worms (D:2)
  3 ball pythons
  2 endoplasms
  3 giant cockroaches (D:1)
  3 goblins (D:1)
  4 hobgoblins
  4 jackals (D:1)
  2 kobolds (D:1)
  A quokka (D:2)
  A rat (D:1)
25 creatures vanquished.

Notes
Turn   | Place    | Note
-------+----------+-------------------------------------------
     0 | D:1      | mhtbhm the Gargoyle Fighter began the quest for the Orb.
     0 | D:1      | Reached XP level 1. HP: 14/14 MP: 1/1
   171 | D:1      | Found a faded altar of an unknown god.
   227 | D:1      | Reached XP level 2. HP: 19/19 MP: 2/2
   274 | D:1      | Became a worshipper of Xom the Tricky
   687 | D:1      | Reached XP level 3. HP: 20/24 MP: 3/3
  1144 | D:2      | Noticed Terence
  1166 | D:2      | Slain by Terence

Illustrated notes

Levels and vault maps discovered:
D:1:      sevenhm_arrival_forest_fort_small_3, layout_loops_ring,
          shapermc_ecumenical_altar_hornbeckon
D:2:      layout_basic, uniq_crazy_yiuf_cottage, uniq_terence

Action                   || total
-------------------------++-------
Melee: Flail             ||   104
Armor: Scale mail        ||    50
Dodge: Dodged            ||    33
Block: Kite shield       ||    59
